Map: Dusk Towers

Players

Miszu

  • Race: Terran Terran
  • League: Master

Cube - Winner!

  • Race: Protoss Protoss
  • League: Master

VOD

Have the link to the VOD?

Description

Time

  • Played on: Feb. 6, 2016, 3:51 p.m.
  • Length: 10:46
Show
View Real Time Build Order
Export as new Build Order

Miszu Terran 

Build Orders: Hellion Opening 

Get SALT Encoding   

  12  0:01  SCV  
  13  0:13  SCV  
  14  0:23  Supply Depot  
  14  0:25  SCV  
  15  0:45  SCV  
  15  0:47  Barracks  
  16  0:50  Refinery  
  16  0:57  SCV  
  17  1:09  SCV  
  18  1:22  SCV  
  19  1:35  Marine, Orbital Command  
  20  1:44  Command Center  
  20  1:52  Supply Depot  
  20  2:03  Factory, SCV  
  21  2:12  Barracks Reactor  
  22  2:15  SCV  
  22  2:27  SCV  
  23  2:39  SCV  
  24  2:48  Factory  
  24  2:52  SCV  
  24  2:56  Hellion x2  
  24  2:58  Orbital Command  
  29  3:04  SCV  
  29  3:05  Barracks Reactor  
  30  3:16  SCV  
  30  3:17  Hellion x2  
  30  3:18  Supply Depot  
  35  3:24  SCV  
  36  3:28  SCV  
  37  3:35  Widow Mine  
  37  3:36  SCV  
  37  3:40  SCV  
  37  3:41  Supply Depot  
  40  3:42  Marine x2  
  40  3:45  Hellion x2  
  40  3:48  SCV  
  46  3:52  SCV  
  46  4:00  SCV  
  46  4:04  SCV  
  47  4:15  Hellion x3  
  48  4:22  SCV x2  
  43  4:34  Marine, SCV  
  43  4:35  Marine  
  43  4:36  Hellion  
  48  4:45  Hellion  
  50  4:46  Hellion  
  50  4:49  SCV  
  50  4:50  SCV  
  50  4:52  Marine x2  
  52  4:57  Hellion  
  53  5:04  SCV  
  53  5:05  Factory  
  53  5:06  Hellion  
  54  5:10  Marine x2  
  56  5:17  Hellion  
  56  5:19  Hellion  
  60  5:28  Hellion  
  59  5:35  SCV x2  
  59  5:40  Hellion  
  58  5:47  Hellion x2  
  58  5:49  Factory Tech Lab  
  62  5:52  Supply Depot, Armory  
  62  5:55  Supply Depot, Hellion, SCV x2  
  66  6:01  Hellion  
  66  6:04  Supply Depot  
  68  6:07  SCV x2  
  70  6:12  Supply Depot  
  70  6:14  Hellion x3  
  70  6:16  Hellion  
  76  6:19  SCV x2  
  76  6:23  Hellion  
  76  6:25  Supply Depot  
  80  6:31  SCV x2  
  82  6:36  Hellion  
  82  6:38  Starport  
  84  6:43  SCV x2  
  84  6:44  Command Center  
  86  6:55  SCV  
  86  6:56  Refinery  
  86  6:58  Hellion x4  
  86  6:59  SCV  
  96  7:01  Refinery  
  96  7:02  Refinery  
  96  7:07  SCV  
  95  7:11  SCV  
  95  7:12  Supply Depot  
  95  7:13  Hellion  
  100  7:16  Drilling Claws  
  100  7:19  Hellion  
  100  7:23  SCV  
  100  7:24  SCV  
  100  7:25  Hellion  
  104  7:31  Supply Depot  
  104  7:34  Supply Depot  
  104  7:35  SCV  
  99  7:44  Hellion  
  99  7:45  Hellion x3, Medivac  
  99  7:48  Terran Vehicle Weapons Level 1  
  99  7:49  SCV  
  110  7:53  SCV  
  110  7:54  Hellion  
  99  8:08  Hellion  
  99  8:10  Hellion, SCV x2, Orbital Command  
  99  8:12  Widow Mine  
  101  8:15  Widow Mine  
  101  8:16  Widow Mine  
  107  8:22  SCV  
  107  8:23  SCV  
  109  8:34  SCV  
  109  8:35  SCV x2  
  109  8:37  Factory  
  109  8:38  Factory  
  109  8:39  Hellion x2  
  116  8:41  Hellion  
  116  8:42  Medivac  
  116  8:47  SCV x3  
  123  8:51  Hellion  
  123  8:52  Cyclone  
  123  8:54  Mag-Field Accelerator  
  128  8:58  Refinery x2  
  128  8:59  SCV x2  
  130  9:03  Supply Depot  
  130  9:04  Supply Depot, Hellion x2  
  130  9:09  Hellion  
  136  9:13  Hellion  
  135  9:25  Hellion x2  
  134  9:35  Hellion x2  
  134  9:36  Hellion x3  
  144  9:46  Hellion, Siege Tank  
  149  9:56  Hellion  
  149  9:57  Hellion x4  
  150  10:08  Hellion  
  150  10:18  Hellion x3  
Show
View Real Time Build Order
Export as new Build Order

Cube Protoss - Winner!

Build Orders: 1 Gate Expand 

Get SALT Encoding   

  12  0:01  Probe (Chrono Boost)  
  13  0:11  Probe (Chrono Boost)  
  14  0:18  Pylon  
  14  0:22  Probe (Chrono Boost)  
  15  0:36  Gateway  
  15  0:37  Probe (Chrono Boost)  
  16  0:47  Probe (Chrono Boost)  
  16  0:48  Assimilator  
  17  0:58  Probe (Chrono Boost)  
  18  1:08  Probe (Chrono Boost)  
  19  1:19  Probe (Chrono Boost)  
  19  1:24  Nexus  
  20  1:29  Probe (Chrono Boost)  
  21  1:38  Cybernetics Core  
  21  1:41  Probe (Chrono Boost)  
  22  1:52  Pylon  
  22  1:53  Probe (Chrono Boost)  
  23  1:55  Assimilator  
  23  2:10  Probe (Chrono Boost)  
  23  2:19  Warp Gate  
  23  2:21  Mothership Core (Chrono Boost)  
  25  2:26  Stalker  
  28  2:37  Probe (Chrono Boost)  
  28  2:40  Probe (Chrono Boost)  
  29  2:47  Probe (Chrono Boost)  
  29  2:50  Probe (Chrono Boost)  
  31  2:58  Probe (Chrono Boost)  
  32  2:59  Nexus  
  32  3:02  Probe (Chrono Boost)  
  33  3:08  Probe (Chrono Boost)  
  35  3:13  Twilight Council, Probe (Chrono Boost)  
  35  3:19  Probe (Chrono Boost)  
  36  3:23  Probe (Chrono Boost)  
  36  3:25  Stalker  
  39  3:30  Probe (Chrono Boost)  
  40  3:37  Probe (Chrono Boost)  
  41  3:44  Probe (Chrono Boost)  
  42  3:49  Gateway  
  42  3:51  Probe (Chrono Boost)  
  42  3:52  Gateway  
  42  3:55  Stalker  
  45  3:57  Probe (Chrono Boost)  
  45  4:00  Blink (Chrono Boost)  
  46  4:04  Probe (Chrono Boost)  
  43  4:12  Probe (Chrono Boost)  
  35  4:25  Probe x2 (Chrono Boost)  
  37  4:34  Probe (Chrono Boost)  
  37  4:35  Probe  
  39  4:38  Robotics Facility  
  39  4:40  Probe  
  39  4:44  Probe  
  40  4:47  Probe  
  40  4:50  Probe  
  43  4:55  Probe  
  43  4:59  Probe  
  42  5:07  Probe x2  
  37  5:22  Stalker x3  
  41  5:30  Probe x2  
  41  5:31  Probe  
  43  5:40  Probe x2  
  45  5:45  Probe  
  46  5:51  Gateway, Probe  
  46  5:55  Gateway x2, Probe  
  47  5:57  Probe  
  47  6:00  Gateway  
  47  6:01  Probe  
  50  6:06  Probe  
  50  6:09  Probe  
  52  6:11  Stalker  
  52  6:14  Observer  
  55  6:19  Stalker  
  57  6:25  Stalker, Probe  
  57  6:27  Probe  
  57  6:32  Pylon  
  61  6:38  Pylon  
  61  6:47  Pylon  
  61  6:48  Probe x2  
  61  6:50  Probe  
  61  6:51  Stalker x2  
  68  6:58  Pylon x2  
  68  6:59  Probe  
  69  7:01  Probe  
  69  7:03  Probe  
  69  7:05  Stalker x2  
  75  7:10  Probe (Chrono Boost)  
  75  7:13  Probe (Chrono Boost)  
  77  7:17  Pylon, Probe (Chrono Boost)  
  77  7:20  Assimilator  
  77  7:22  Probe (Chrono Boost)  
  79  7:24  Assimilator, Probe (Chrono Boost)  
  79  7:26  Pylon  
  79  7:28  Probe (Chrono Boost)  
  81  7:32  Probe (Chrono Boost)  
  81  7:35  Probe (Chrono Boost)  
  79  7:42  Stalker x4  
  75  7:47  Immortal (Chrono Boost), Probe (Chrono Boost)  
  75  7:48  Probe  
  81  7:56  Stalker x2  
  85  8:09  Stalker x4  
  85  8:10  Stalker  
  95  8:15  Probe x2  
  95  8:17  Probe  
  98  8:24  Immortal (Chrono Boost)  
  98  8:26  Probe  
  102  8:27  Probe  
  102  8:28  Assimilator  
  102  8:31  Gateway  
  104  8:35  Stalker x2  
  104  8:36  Probe  
  109  8:43  Gateway  
  109  8:46  Pylon  
  109  8:47  Stalker x3  
  115  8:49  Probe  
  115  8:50  Probe  
  117  9:04  Pylon, Warp Prism (Chrono Boost)  
  117  9:08  Pylon  
  119  9:11  Stalker x2  
  119  9:12  Stalker  
  120  9:36  Observer (Chrono Boost)  
  114  9:39  Stalker x6  
  120  10:11  Pylon  
  116  10:15  Stalker x2  
  116  10:16  Stalker x5  
  97  10:42  Stalker x4  
  101  10:43  Stalker x2  
  101  10:45  Zealot  
Tags
 
Add a new tag
Caveats
  • Supply blocks, unpowered buildings, or Contaminate may cause inaccurate times.
  • Supply counts are checked every 10 seconds.